 Dungeon Crawl Stone Soup version 0.19.3-4-gbf9329e (console) character file.

140420 Kloppie the Warrior (level 16, -4/142 HPs)
             Began as a Demonspawn Berserker on Jan 28, 2017.
             Was the Champion of Trog.
             Killed from afar by a shock serpent (7 damage)
             ... with an electric aura
             ... on level 2 of the Snake Pit on Jan 29, 2017.
             The game lasted 00:49:08 (26218 turns).

Kloppie the Warrior (Demonspawn Berserker)         Turns: 26218, Time: 00:49:09

Health: -4/142     AC: 25    Str: 20    XL:     16   Next: 75%
Magic:  5/5        EV: 11    Int:  8    God:    Trog [******]
Gold:   3096       SH:  6    Dex: 20    Spells: 0 memorised, 15 levels left

rFire  + . .     SeeInvis +     a - +8 battleaxe (antimagic)
rCold  . . .     Gourm    .     G - +0 plate armour
rNeg   . . .     Faith    .     (shield currently unavailable)
rPois  .         Spirit   .     J - +0 hat {SInv}
rElec  .         Reflect  +     p - +2 cloak
rCorr  +         Harm     .     v - +2 pair of gloves
MR     ++...     Clarity  +     o - +2 pair of boots
Stlth  ..........               t - +6 amulet of reflection
                                E - ring of protection from magic
                                n - ring of resist corrosion

@: lethally poisoned (-4 -> -5)
A: talons 2, icy blue scales 2, clarity, deformed body, fire resistance 1,
powered by death 3, strong 1, wild magic 1
a: Berserk, Trog's Hand, Brothers in Arms, Burn Spellbooks, Renounce Religion


You were on level 2 of the Snake Pit.
You worshipped Trog.
Trog was exalted by your worship.
You were hungry.

You visited 4 branches of the dungeon, and saw 25 of its levels.
You visited the Abyss 1 time.
You also visited: Labyrinth and Ice Cave.

You collected 3096 gold pieces.

Inventory:

Hand Weapons
 a - a +8 antimagic battleaxe (weapon)
 b - a +0 broad axe of flaming
 F - a +2 vampiric executioner's axe
Armour
 o - a +2 pair of boots (worn)
 p - a +2 cloak (worn)
 v - a +2 pair of gloves (worn)
 G - a +0 plate armour (worn)
 J - a +0 hat of see invisible (worn)
Jewellery
 e - an uncursed ring of protection from magic
 j - an uncursed ring of stealth
 m - an uncursed ring of protection from cold
 n - a ring of resist corrosion (left hand)
 t - a +6 amulet of reflection (around neck)
 E - a ring of protection from magic (right hand)
 H - an uncursed ring of fire
 X - an uncursed ring of poison resistance
Wands
 w - a wand of confusion (11/48)
 U - a wand of teleportation (3/9)
Scrolls
 g - 5 scrolls of teleportation
 l - 3 scrolls of magic mapping
 q - 6 scrolls of identify
 r - 8 scrolls of remove curse
 x - 2 scrolls of blinking
 y - 2 scrolls of recharging
 B - 3 scrolls of fog
 I - a scroll of enchant weapon
Potions
 d - 4 potions of curing
 f - 5 potions of cancellation
 h - 9 potions of flight
 s - a potion of agility
 u - a potion of magic
 A - 3 potions of invisibility
 K - a potion of haste
 P - 3 potions of might
 T - 4 potions of heal wounds
Comestibles
 c - 9 bread rations
 i - 10 royal jellies
 k - 9 beef jerkies
 z - 9 fruits
 D - 8 meat rations
 M - 6 slices of pizza


   Skills:
 - Level 17.6 Fighting
 - Level 15.7 Axes
 - Level 15.0 Armour
 + Level 6.1 Dodging


You had 15 spell levels left.
You didn't know any spells.

Dungeon Overview and Level Annotations

Branches:
Dungeon (15/15)            Temple (0/1) D:4            Lair (6/6) D:8
 Shoals (0/4) Lair:4        Snake (2/4) Lair:2        Slime (0/5) Lair:5
    Orc (2/2) D:11            Elf (0/3) Orc:2        Vaults (0/5) D:14
 Depths (0/5) D:15

Altars:
Ashenzari
Cheibriados
Dithmenos
Elyvilon
Gozag
Kikubaaqudgha
Ru
Sif Muna
Trog
Zin
The Shining One

Shops:
Orc:2 [(:}   Snake:1 }=}

Annotations:
Orc:2 Sonja


Innate Abilities, Weirdness & Mutations

You have razor-sharp toenails.
You are mostly covered in icy blue scales. (AC +3)
Your flesh is heat resistant. (rF+)
You regenerate a lot of health from kills.
You possess an exceptional clarity of mind.
Armour fits poorly on your strangely shaped body.
Your muscles are strong. (Str +2)
Your spells are a little harder to cast, but a little more powerful.


Message History

The shock serpent bites you but does no damage.
The black mamba bites you but does no damage.
You slash the shock serpent!
The shock serpent is severely wounded.
You slash the black mamba!
The shock serpent's electric aura discharges, shocking you!
* * * LOW HITPOINT WARNING * * *
The black mamba bites you!
* * * LOW HITPOINT WARNING * * *
You are poisoned.
The black mamba poisons you! The shock serpent bites you.
* * * LOW HITPOINT WARNING * * *
The shock serpent shocks you!
* * * LOW HITPOINT WARNING * * *
You slice the shock serpent!!
You kill the shock serpent!
Trog accepts your kill.
You closely miss the black mamba.
The air sparks with electricity, shocking you!
You die...

...............#
#####..........#
#..........#
#......:...#
#..........#
#..........########
#..........(.......
###########.######
#.@S...# #......#
#.......#
#.........
##......##
#.....#.. #.....# #
#.....#


You could see a black mamba.

Vanquished Creatures
  Saint Roka (Orc:2)
  Gastronok (D:9)
  An orc warlord (Orc:1)
  Azrael (Orc:2)
  A dire elephant (D:15)
  The ghost of Naow the Eclecticist, a journeyman DECj of Vehumet (Lair:6)
  A minotaur (Lab)
  8 vault guards (D:14)
  Josephine (D:13)
  Fannar (Orc:1)
  3 naga warriors
  2 ice dragons (IceCv)
  The ghost of Noxmare the Protected, a journeyman DsFi of Okawaru (D:11)
  6 hydras
  5 anacondas
  A death knight (D:14)
  4 catoblepae
  3 centaur warriors (D:13)
  Erica (D:9)
  2 ogre magi (Orc:2)
  19 death yaks
  2 tengu warriors
  2 shock serpents
  An orc high priest (Orc:1)
  Urug (D:10)
  3 naga sharpshooters (Snake:1)
  3 hell knights (Abyss:2)
  An iron troll (Orc:2)
  A deep troll (Orc:2)
  2 unseen horrors (D:12)
  A wolf spider zombie (D:13)
  2 naga ritualists (Snake:1)
  A phantasmal warrior (D:14)
  2 necromancers (Abyss:2)
  10 ugly things
  A deep elf mage (D:13)
  11 hill giants
  3 manticores
  2 salamanders
  A mana viper (Snake:1)
  7 cyclopes
  3 orc sorcerers
  4 elephants (Lair:6)
  Maurice (D:9)
  11 black mambas
  A smoke demon (Abyss:2)
  Psyche (D:11)
  4 naga magi
  Joseph (Lair:1)
  17 spiny frogs
  A torpor snail (Lair:5)
  2 ice statues (IceCv)
  A centaur skeleton (D:11)
  7 rime drakes
  2 efreet
  7 komodo dragons
  A freezing wraith (D:14)
  A yaktaur (D:15)
  2 ice devils (Lair:1)
  A tengu conjurer (D:15)
  A queen bee (Orc:1)
  A polar bear (Lair:6)
  17 trolls
  A merfolk (Lair:4)
  A polar bear (shapeshifter) (D:15)
  9 two-headed ogres
  A harpy skeleton (D:14)
  A hornet (Lair:1)
  12 blink frogs
  A minotaur skeleton (Lab)
  8 slime creatures
  12 dream sheep
  15 hippogriffs
  6 wraiths
  7 spriggans (Lair:1)
  2 water elementals (D:15)
  Eustachio (D:5)
  A redback (Lab)
  5 hungry ghosts
  41 yaks
  A basilisk (Lair:3)
  3 wyverns
  2 fire elementals (Orc:2)
  A neqoxec (Abyss:2)
  7 wargs
  4 vampire mosquitoes
  11 nagas
  A mottled dragon (D:12)
  12 water moccasins
  4 hell hounds (Orc:2)
  4 sky beasts
  11 porcupines
  31 orc warriors
  16 ice beasts
  A black bear (D:10)
  A black bear (shapeshifter) (D:14)
  A necrophage (D:8)
  16 wolves
  12 centaurs
  26 ogres
  2 phantoms
  11 crocodiles
  2 big kobolds
  14 bullfrogs
  A wyvern zombie (D:12)
  9 scorpions
  20 killer bees
  4 wights
  2 electric eels
  A howler monkey (D:6)
  3 crimson imps
  2 centaur zombies
  8 hounds
  6 jellies
  15 orc priests
  3 bullfrog skeletons
  5 iguanas
  Natasha (thrice) (D:2)
  24 orc wizards
  2 hell rats (Lair:5)
  15 worker ants
  A hound skeleton (D:7)
  12 adders
  9 river rats (Lair:5)
  2 shadow imps
  6 oozes
  An adder zombie (D:5)
  4 adder skeletons
  A worm (D:4)
  2 dart slugs
  A leopard gecko (D:2)
  114 orcs
  2 giant cockroaches
  5 goblins
  A hobgoblin (D:2)
  17 jackals
  12 kobolds
  5 quokkas
  A ball python (D:3)
  8 bats
  4 frilled lizards
  A jackal skeleton (D:7)
  2 leopard gecko zombies
  6 rats
  A fulminant prism (Lair:6)
  2 fungi
  2 plants (D:15)
871 creatures vanquished.

Vanquished Creatures (others)
  A naga sharpshooter (Snake:2)
  A hippogriff (Lair:6)
  A centaur (D:12)
  A bush (Lair:6)
  14 fungi
  18 plants
36 creatures vanquished.

Grand Total: 907 creatures vanquished

Notes
Turn   | Place    | Note
-------+----------+-------------------------------------------
     0 | D:1      | Kloppie the Demonspawn Berserker began the quest for the Orb.
     0 | D:1      | Reached XP level 1. HP: 18/18 MP: 1/1
   415 | D:1      | Gained mutation: You are partially covered in icy blue scales. (AC +2) [demonic ancestry]
   415 | D:1      | Reached XP level 2. HP: 21/24 MP: 2/2
  1042 | D:2      | Reached XP level 3. HP: 28/30 MP: 3/3
  1216 | D:2      | Noticed Natasha
  1222 | D:2      | Reached skill level 4 in Fighting
  1231 | D:2      | Killed Natasha
  1617 | D:2      | Noticed Natasha
  1623 | D:2      | Killed Natasha
  1623 | D:2      | Gained mutation: You regenerate a little health from kills. [demonic ancestry]
  1623 | D:2      | Reached XP level 4. HP: 36/38 MP: 4/4
  1739 | D:2      | Noticed Natasha
  1752 | D:2      | Killed Natasha
  1889 | D:3      | Reached ** piety under Trog
  1898 | D:3      | Noticed a centaur
  1904 | D:3      | Killed a centaur
  1904 | D:3      | Reached skill level 5 in Fighting
  1904 | D:3      | Reached XP level 5. HP: 24/44 MP: 5/5
  2380 | D:3      | Found a snail-covered altar of Cheibriados.
  2384 | D:3      | Found a shadowy altar of Dithmenos.
  2434 | D:3      | Reached XP level 6. HP: 28/52 MP: 6/6
  2842 | D:4      | Reached skill level 6 in Fighting
  3149 | D:4      | Found a staircase to the Ecumenical Temple.
  3388 | D:4      | Found a deep blue altar of Sif Muna.
  3400 | D:4      | Reached XP level 7. HP: 42/59 MP: 7/7
  3442 | D:5      | Entered Level 5 of the Dungeon
  3453 | D:5      | Reached XP level 8. HP: 55/65 MP: 8/8
  3484 | D:5      | Noticed Eustachio
  3539 | D:5      | Killed Eustachio
  3663 | D:5      | Reached skill level 7 in Fighting
  3724 | D:5      | Reached *** piety under Trog
  4557 | D:6      | Gained mutation: You regenerate health from kills. [demonic ancestry]
  4557 | D:6      | Reached XP level 9. HP: 66/74 MP: 9/9
  5250 | D:6      | Found a bloodstained altar of Trog.
  5250 | D:6      | Found a white marble altar of Elyvilon.
  5250 | D:6      | Found a shattered altar of Ashenzari.
  5251 | D:6      | Found an opulent altar of Gozag.
  5255 | D:6      | Found an ancient bone altar of Kikubaaqudgha.
  5362 | D:6      | Found a sacrificial altar of Ru.
  6447 | D:8      | Reached **** piety under Trog
  6555 | D:8      | Found a staircase to the Lair.
  7169 | D:9      | Reached skill level 5 in Armour
  7177 | D:9      | Gained mutation: You have sharp toenails. [demonic ancestry]
  7177 | D:9      | Reached XP level 10. HP: 65/80 MP: 10/10
  7432 | D:9      | Noticed Maurice
  7486 | D:9      | Killed Maurice
  7753 | D:9      | Noticed Erica
  7771 | D:9      | Killed Erica
  7891 | D:9      | Found a glowing golden altar of the Shining One.
  8077 | D:9      | Reached ***** piety under Trog
  8204 | D:9      | Gained mutation: Your muscles are strong. (Str +2) [potion of mutation]
  8204 | D:9      | Gained mutation: Your spells are a little harder to cast, but a little more powerful. [potion of mutation]
  8204 | D:9      | Gained mutation: You possess an exceptional clarity of mind. [potion of mutation]
  8263 | D:9      | Noticed Gastronok
  8282 | D:9      | Killed Gastronok
  8477 | D:9      | Gained mutation: You are mostly covered in icy blue scales. (AC +3) [demonic ancestry]
  8477 | D:9      | Reached XP level 11. HP: 86/86 MP: 11/11
  8566 | D:10     | Entered Level 10 of the Dungeon
  8566 | D:10     | Noticed Urug
  8583 | D:10     | Killed Urug
  8665 | D:10     | Noticed a hill giant
  8673 | D:10     | Killed a hill giant
  8673 | D:10     | Reached skill level 5 in Dodging
  8775 | D:10     | Received a gift from Trog
  9155 | D:10     | Reached skill level 8 in Fighting
  9297 | Lair:1   | Entered Level 1 of the Lair of Beasts
  9358 | Lair:1   | Found a frozen archway.
  9419 | IceCv    | Entered an ice cave
  9438 | IceCv    | Reached skill level 9 in Fighting
  9868 | IceCv    | Reached skill level 10 in Fighting
  9915 | IceCv    | Noticed an ice dragon
  9916 | IceCv    | Noticed an ice dragon
  9928 | IceCv    | Killed an ice dragon
  9933 | IceCv    | Killed an ice dragon
 10168 | Lair:1   | Reached skill level 11 in Fighting
 10567 | Lair:1   | Gained mutation: Your flesh is heat resistant. (rF+) [demonic ancestry]
 10567 | Lair:1   | Reached XP level 12. HP: 82/100 MP: 4/12
 10673 | Lair:1   | Noticed a six-headed hydra
 10687 | Lair:1   | Killed a one-headed hydra
 10957 | Lair:1   | Paralysed by a hornet for 3 turns
 11125 | Lair:1   | Noticed Joseph
 11137 | Lair:1   | Killed Joseph
 11548 | Lair:1   | Noticed a death yak
 11549 | Lair:1   | Noticed a death yak
 11549 | Lair:1   | Noticed a death yak
 11550 | Lair:1   | Noticed a death yak
 11565 | Lair:1   | Killed a death yak
 11569 | Lair:1   | Killed a death yak
 11575 | Lair:1   | Killed a death yak
 11583 | Lair:1   | Killed a death yak
 11916 | Lair:2   | Noticed a death yak
 11933 | Lair:2   | Killed a death yak
 12273 | Lair:2   | Found a staircase to the Snake Pit.
 12283 | Lair:2   | Reached skill level 15 in Axes
 12671 | Lair:2   | Gained mutation: You have razor-sharp toenails. [demonic ancestry]
 12671 | Lair:2   | Reached XP level 13. HP: 106/106 MP: 4/13
 13176 | Lair:3   | Received a gift from Trog
 13614 | Lair:4   | Found a glowing silver altar of Zin.
 13843 | Lair:4   | Reached skill level 10 in Armour
 14290 | Lair:4   | Found a staircase to the Shoals.
 15921 | Lair:5   | Found a staircase to the Slime Pits.
 16133 | Lair:6   | Entered Level 6 of the Lair of Beasts
 16185 | Lair:5   | Received a gift from Trog
 16444 | Lair:6   | Noticed Naow's ghost (journeyman DECj)
 16469 | Lair:6   | Killed Naow's ghost
 16556 | Lair:6   | Reached skill level 12 in Fighting
 16700 | Lair:6   | Reached XP level 14. HP: 102/115 MP: 14/14
 17237 | Lair:6   | Reached skill level 13 in Fighting
 17402 | Lair:6   | Reached skill level 14 in Fighting
 18414 | D:11     | Received a gift from Trog
 18638 | D:11     | Found a sacrificial altar of Ru.
 18730 | D:11     | Noticed Psyche
 18731 | D:11     | Found a staircase to the Orcish Mines.
 18731 | D:11     | Noticed Noxmare's ghost (journeyman DsFi)
 18754 | D:11     | Killed Noxmare's ghost
 18768 | D:11     | Reached skill level 15 in Fighting
 18771 | D:11     | Killed Psyche
 19084 | Orc:1    | Entered Level 1 of the Orcish Mines
 19097 | Orc:1    | Noticed Fannar
 19107 | Orc:1    | Killed Fannar
 19645 | D:12     | Received a gift from Trog
 20035 | D:13     | Gained mutation: You regenerate a lot of health from kills. [demonic ancestry]
 20035 | D:13     | Reached XP level 15. HP: 125/130 MP: 15/15
 20106 | D:13     | Reached skill level 16 in Fighting
 20233 | D:13     | Noticed Josephine
 20241 | D:13     | Killed Josephine
 20462 | D:14     | Found a gate to the Vaults.
 20527 | D:14     | Reached ****** piety under Trog
 20527 | D:14     | Reached skill level 17 in Fighting
 20574 | D:14     | Found a labyrinth entrance.
 20588 | Lab      | Entered a labyrinth
 20640 | Lab      | Received a gift from Trog
 20771 | Lab      | Identified Sif Muna's Collected Works on Hexes
 21154 | D:15     | Entered Level 15 of the Dungeon
 22442 | D:15     | Found a staircase to the Depths.
 22742 | Orc:2    | Entered Level 2 of the Orcish Mines
 22747 | Orc:2    | Noticed Azrael
 22760 | Orc:2    | Killed Azrael
 22788 | Orc:2    | Received a gift from Trog
 22939 | Orc:2    | Found a bloodstained altar of Trog.
 23053 | Orc:2    | Noticed Saint Roka
 23053 | Orc:2    | Found a staircase to the Elven Halls.
 23079 | Orc:2    | Killed Saint Roka
 23079 | Orc:2    | Reached XP level 16. HP: 33/142 MP: 0/16
 23311 | Orc:2    | Found Edghifudd's Antique Weapon Shoppe.
 23312 | Orc:2    | Found Amiden's Gadget Emporium.
 23322 | Orc:2    | Noticed Sonja
 23374 | Orc:2    | Found Girour's Antique Armour Boutique.
 23374 | Orc:2    | Found Kaygoe's Book Shoppe.
 23603 | Orc:2    | Cast into level 2 of the Abyss (Sonja)
 23663 | Abyss:2  | Gained mutation: Armour fits poorly on your strangely shaped body. [a neqoxec]
 23681 | Orc:2    | Escaped the Abyss
 24076 | Orc:1    | Received a gift from Trog
 24331 | Snake:1  | Entered Level 1 of the Snake Pit
 24342 | Snake:1  | Reached skill level 15 in Armour
 25390 | Snake:1  | Found Vaosaale's Gadget Emporium.
 25402 | Snake:1  | Found Kaapuck's Jewellery Shop.
 25403 | Snake:1  | Found Fijaxzin's Gadget Emporium.
 25725 | Snake:2  | HP: 10/213 [naga warrior/long sword (11)]
 25730 | Snake:2  | HP: 4/142 [poisoned by a naga warrior (splash of poison)]
 25735 | Snake:2  | HP: 6/142 [poisoned by a naga warrior (splash of poison)]
 26217 | Snake:2  | HP: 3/142 [shock serpent (11)]
 26218 | Snake:2  | Killed from afar by a shock serpent

Skill      XL: |  1  2  3  4  5  6  7  8  9 10 11 12 13 14 15 16 |
---------------+-------------------------------------------------+-----
Axes           | 3 4 11 12 15 | 15.7
Fighting       | 4 5 6 7 11 12 15 17 | 17.6
Armour         | 5 7 8 11 13 15 | 15.0
Dodging        | 2 4 5 6 |  6.1

Action                   |  1- 3 |  4- 6 |  7- 9 | 10-12 | 13-15 | 16-18 || total
-------------------------+-------+-------+-------+-------+-------+-------++-------
Melee: Hand axe          |   111 |   214 |   270 |       |       |       ||   595
       War axe           |       |       |   170 |   396 |       |       ||   566
       Broad axe         |       |       |       |   354 |   265 |       ||   619
       Scimitar          |       |       |       |     8 |    39 |       ||    47
       Battleaxe         |       |       |       |       |   996 |   340 ||  1336
Invok: Berserk           |     1 |     3 |    10 |     9 |     5 |     4 ||    32
       Trog's Hand       |       |       |     3 |     4 |     5 |     5 ||    17
  Use: Scroll            |       |     6 |    13 |     8 |    13 |     1 ||    41
       Potion            |       |     1 |     8 |     5 |     1 |     1 ||    16
 Stab: Distracted        |       |       |     1 |       |       |       ||     1
       Invisible         |       |       |       |     4 |       |       ||     4
       Petrified         |       |       |       |       |    15 |       ||    15
       Petrifying        |       |       |       |       |     1 |       ||     1
  Eat: Chunk             |     3 |     9 |    18 |    21 |    39 |     8 ||    98
       Royal jelly       |       |       |     2 |     3 |     2 |     2 ||     9
       Pizza             |       |       |     1 |       |       |       ||     1
       Beef jerky        |       |       |       |     1 |       |       ||     1
       Bread ration      |       |       |       |       |       |     1 ||     1
Armor: Chain mail        |    76 |   144 |   195 |       |       |       ||   415
       Animal skin       |     5 |       |       |       |       |       ||     5
       Plate armour      |       |       |    11 |   429 |   977 |   309 ||  1726
Dodge: Dodged            |    47 |    96 |   164 |   231 |   614 |   204 ||  1356
Block: Other             |       |       |    31 |   116 |   386 |   124 ||   657
       Reflection        |       |       |       |     5 |    14 |    12 ||    31
       Rpst.: Scimitar   |       |       |       |       |     4 |       ||     4
